 Dungeon Crawl Stone Soup version 0.30-a0-42-g806c11bf1d (webtiles) character file.

Game seed: 8496864306813440710

1369 kae the Arsonist (level 8, 0/57 HPs)
             Began as a Demigod Fire Elementalist on Aug 30, 2022.
             Slain by an acid dragon (3 damage)
             ... on level 6 of the Dungeon.
             The game lasted 00:04:04 (5982 turns).

kae the Arsonist (Demigod Fire Elementalist)        Turns: 5982, Time: 00:04:04

Health: 0/57       AC:  3    Str:  9    XL:     8   Next: 15%
Magic:  8/20       EV: 12    Int: 25    God:
Gold:   253        SH:  0    Dex: 14    Spells: 5/18 levels left

rFire   . . .      SeeInvis .    i - +1 falchion
rCold   . . .      Faith    .    (no shield)
rNeg    . . .      Spirit   .    a - +0 robe
rPois   +          Reflect  .    (no helmet)
rElec   .          Harm     .    E - +0 cloak
rCorr   .          Rampage  .    (no gloves)
Will    .....                    (no boots)
Stlth   ++........               (no amulet)
HPRegen 0.19/turn                P - ring of poison resistance
MPRegen 0.17/turn                (no ring)

@: no status effects
A: high MP 1, forlorn, divine attributes
a: no special abilities


You were on level 6 of the Dungeon.
You visited 1 branch of the dungeon, and saw 7 of its levels.
You also visited: Sewer.

You collected 253 gold pieces.


Innate Abilities, Weirdness & Mutations

You have an increased reservoir of magic. (+10% MP)
You shall have no god before yourself.
Your divine heritage dramatically boosts your attributes as you level up.


   Skills:
 - Level 1.7 Dodging
 - Level 1.7 Stealth
 + Level 5.5 Spellcasting
 * Level 8.3 Conjurations
 * Level 8.8 Fire Magic


You had 5 spell levels left.
You knew the following spells:

 Your Spells              Type           Power      Damage    Failure   Level
a - Foxfire               Conj/Fire      100%       2x1d9     1%          1
b - Scorch                Fire           100%       2d10      1%          2
c - Conjure Flame         Conj/Fire      49%        6-21      1%          3
d - Inner Flame           Hex/Fire       29%        N/A       3%          3
e - Flame Wave            Conj/Fire      49%        2d12      2%          4

Your spell library contained the following spells:

 Spells                   Type           Power      Damage    Failure   Level


Inventory:

Hand Weapons
 i - a +1 falchion (weapon)
   (You found it on level 1 of the Dungeon)
Missiles
 g - 24 stones
 j - a curare-tipped dart {=f}
 t - 21 poisoned darts
 w - 2 boomerangs
 z - 3 boomerangs of dispersal {=f!f}
 F - a throwing net {=f!f}
Armour
 a - a +0 robe (worn)
 E - a +0 cloak (worn)
   (You found it on level 4 of the Dungeon)
Jewellery
 P - a ring of poison resistance (left hand)
   (You found it on level 3 of the Dungeon)
 R - a ring of resist corrosion
   (You found it on level 7 of the Dungeon)
Wands
 C - a wand of digging (6)
   (You found it on level 4 of the Dungeon)
Scrolls
 d - a scroll of enchant weapon
 e - a scroll of immolation {!r!r}
 f - 3 scrolls of fog
 q - 2 scrolls of poison {!r}
 r - 2 scrolls of amnesia {unknown}
 u - a scroll of enchant armour {unknown}
 v - 2 scrolls of teleportation {unknown}
 y - a scroll of identify {@r1}
 A - a scroll of fear
 D - a scroll of silence {unknown}
Potions
 b - 2 potions of magic
 c - 3 potions of curing {@q1}
 h - 2 potions of heal wounds {unknown}
 k - a potion of might {unknown}
 l - a potion of lignification {unknown}
 m - 3 potions of ambrosia
 n - 3 potions of attraction {!q}
 o - 2 potions of mutation {!q}
 p - a potion of invisibility {unknown}
 s - a potion of degeneration {unknown}
 x - a potion of brilliance {unknown}
 B - a potion of berserk rage {unknown}

Dungeon Overview and Level Annotations

Branches:
Dungeon (7/15) Zot: 26987   Sewer (visited)
 Temple: D:4-7

######
#....#
#....#
#.).<#
#)@..#
#D.).#
...........#
.....#######
#>.. #.. ..
.


You could see an acid dragon (catching breath, combustible).


Message History

v - 2 scrolls labelled EPNA GOWESEVIY (gained 1)
You see here a +0 great sword.
You now have 253 gold pieces (gained 1).
R - a ring of resist corrosion 😎 HP[+1] MP[+4]
Your hp is fully restored (57).
Your mp is fully restored (19).
Found a stone staircase leading up.
A shadow imp comes into view.
Found a snail-covered altar of Cheibriados.
A shadow imp is nearby!
A shadow imp is nearby!
A shadow imp is nearby!
Casting: Scorch (safe; 1% risk of failure)
Confirm with . or Enter, or press ? or * to list all spells.
You conjure some foxfire!
The shadow imp shouts, "Go and return not, thou froward full-gorged canker-blossom!" 😎 MP[-1]
You lost 1 mp, and now have 18/19 mp.
Casting: Foxfire (safe; 1% risk of failure)
Confirm with . or Enter, or press ? or * to list all spells.
You conjure some foxfire!
The foxfire hits the shadow imp.
The foxfire hits the shadow imp!
You kill the shadow imp! 😎 MP[-1]
You lost 1 mp, and now have 17/19 mp.
Casting: Foxfire (safe; 1% risk of failure)
Confirm with . or Enter, or press ? or * to list all spells.
You conjure some foxfire!
There is a stone staircase leading up here.
You climb upwards.
Found an escape hatch in the floor.
Found a stone staircase leading up.
There is a stone staircase leading down here. 😎 MP[+1]
There are monsters nearby!
There are monsters nearby!
The helpless gnoll fails to defend itself.
You hit the gnoll.
The gnoll bouda shouts!
The gnoll shouts! x2
The gnoll hits you with a +0 spear.
The gnoll hits you from afar with a +0 spear.
The gnoll misses you.
The gnoll bouda barks out a call to the hunt!
The gnolls pick up the pace! 😕 HP[-10]
You take 10 damage, and now have 47/57 hp.
Casting: Foxfire (safe; 1% risk of failure)
Confirm with . or Enter, or press ? or * to list all spells.
Casting: Flame Wave (dangerous; 2% risk of failure)
Press: ? - help, Dir - look around, f - activate A wave of flame ripples out!
The flame wave engulfs the gnoll!
You kill the gnoll!
The flame wave engulfs the gnoll. (Press . to intensify the flame waves.)
The gnoll hits you but does no damage.
The gnoll hits you from afar with a +0 spear! 😮 HP[-9] MP[-4]
You take 9 damage, and now have 38/57 hp.
You lost 4 mp, and now have 14/19 mp.
A wave of flame ripples out!
The flame wave engulfs the gnoll!
You kill the gnoll!
The flame wave engulfs the gnoll bouda!
The flame wave engulfs the gnoll.
You hear a roar!
The gnoll hits you from afar with a +0 spear.
The gnoll bouda barely misses you. 😮 HP[-1] MP[-1]
You take 1 damage, and now have 37/57 hp.
You lost 1 mp, and now have 13/19 mp.
A wave of flame ripples out!
The flame wave engulfs the gnoll bouda!
You kill the gnoll bouda!
The flame wave engulfs the gnoll!
You kill the gnoll!
You finish channelling waves of flame.
An acid dragon comes into view.
Casting: Flame Wave (dangerous; 2% risk of failure)
Confirm with . or Enter, or press ? or * to list all spells.
Flames lash the acid dragon.
The acid dragon roars!
The acid dragon's fire resistance burns away. 😮 MP[-2]
You lost 2 mp, and now have 11/20 mp.
Casting: Scorch (safe; 1% risk of failure)
Confirm with . or Enter, or press ? or * to list all spells.
Flames lash the acid dragon.
The acid dragon barely misses you. The acid dragon closely misses you.
The acid dragon bites you!
* * * LOW HITPOINT WARNING * * *
The acid dragon claws you.
* * * LOW HITPOINT WARNING * * *
😨 HP[-14] MP[-2]
You take 14 damage, and now have 23/57 hp.
MASSIVE DAMAGE!! (PAUSE)
You lost 2 mp, and now have 9/20 mp.
Casting: Scorch (safe; 1% risk of failure)
Confirm with . or Enter, or press ? or * to list all spells.
Flames lash the acid dragon.
The acid dragon is burned terribly!
The acid dragon spits acid at you. The splash of acid hits you!!
* * * LOW HITPOINT WARNING * * *
The acid dragon bites you.
You die...

Skill      XL: |  1  2  3  4  5  6  7 |
---------------+----------------------+-----
Conjurations   | 1 2 3 7 8 |  8.3
Fire Magic     | 3 4 8 |  8.8
Spellcasting   | 2 5 |  5.5
Dodging        | |  1.7
Stealth        | |  1.7

Action                   |  1- 3 |  4- 6 |  7- 9 || total
-------------------------+-------+-------+-------++-------
Melee: Falchion          |     9 |     7 |     1 ||    17
 Cast: Foxfire           |    68 |    87 |    53 ||   208
       Scorch            |     3 |     8 |    20 ||    31
       Inner Flame       |       |       |     4 ||     4
       Flame Wave        |       |       |     3 ||     3
       Conjure Flame     |       |       |     2 ||     2
  Use: Scroll            |       |    13 |       ||    13
       Potion            |       |     1 |       ||     1
 Stab: Distracted        |     1 |       |       ||     1
       Sleeping          |       |       |     1 ||     1
Armor: Robe              |     2 |     5 |     3 ||    10
Dodge: Dodged            |    17 |    14 |    14 ||    45

Levels and vault maps discovered:
D:1:      roderic_octagonal_star, layout_loops_ring,
          shapermc_ecumenical_altar_flowoftime
D:2:      layout_basic, minmay_misc_feat_five, hangedman_glass_teeth,
          uniq_terence
D:3:      layout_basic, portal_sewer_entry_d, dreamdust_wishing_well,
          mrwooster_statue_mirror, grunt_ministairs_12
D:4:      layout_loops_ring, tso_metal_star, kennysheep_generic_room_15
D:5:      layout_basic, nzn_wu_jian_council_hall
D:6:      layout_gridville, mainiacjoe_overflow_chevrons
D:7:      cheibrodos_wizards_tower, layout_basic,
          mainiacjoe_overflow_concentric_impassable,
          minmay_overflow_temple_star_quad, cheibriados_altar_1,
          minmay_temple_entry_ruins, roderic_nine_men_s_morris,
          uniq_crazy_yiuf_cottage, uniq_duvessa

Notes
Turn   | Place    | Note
-------+----------+-------------------------------------------
     0 | D:1      | kae the Demigod Fire Elementalist began the quest for the
                  | Orb.
     0 | D:1      | Reached XP level 1. HP: 14/14 MP: 5/5
     0 | D:1      | magus.rc [v1.11.3]
    24 | D:1      | HP: 3/14 [hobgoblin (3)]
    26 | D:1      | HP: 1/14 [hobgoblin (2)]
    28 | D:1      | Reached skill level 1 in Conjurations
   777 | D:1      | Reached skill level 3 in Fire Magic
   777 | D:1      | Reached XP level 2. HP: 20/20 MP: 5/7
   780 | D:1      | Learned a level 2 spell: Scorch
  1095 | D:1      | Reached skill level 2 in Spellcasting
  1535 | D:2      | Reached XP level 3. HP: 19/26 MP: 5/8
  1703 | D:2      | Reached skill level 2 in Conjurations
  1830 | D:2      | Noticed Terence
  1837 | D:2      | Killed Terence
  1960 | D:2      | Reached XP level 4. HP: 33/33 MP: 8/10
  2470 | D:2      | Learned a level 3 spell: Conjure Flame
  2556 | D:3      | Found a glowing drain.
  2565 | Sewer    | Entered a sewer
  2851 | Sewer    | Noticed a kobold brigand
  2878 | Sewer    | Killed a kobold brigand
  2879 | Sewer    | Reached skill level 3 in Conjurations
  2879 | Sewer    | Reached skill level 4 in Fire Magic
  2879 | Sewer    | Reached XP level 5. HP: 17/38 MP: 5/11
  3382 | Sewer    | Identified a potion of experience
  3384 | Sewer    | Reached skill level 5 in Spellcasting
  3384 | Sewer    | Reached skill level 7 in Conjurations
  3384 | Sewer    | Reached skill level 8 in Fire Magic
  3384 | Sewer    | Reached XP level 6. HP: 45/45 MP: 13/17
  3390 | Sewer    | Learned a level 4 spell: Flame Wave
  3394 | Sewer    | Learned a level 3 spell: Inner Flame
  3796 | D:3      | You pick up a book of Flames and begin reading...
  4027 | D:3      | Reached XP level 7. HP: 50/50 MP: 14/18
  4832 | D:4      | Reached skill level 8 in Conjurations
  5416 | D:5      | Entered Level 5 of the Dungeon
  5744 | D:5      | Reached XP level 8. HP: 33/57 MP: 7/19
  5879 | D:5      | You fall into a shaft and drop 2 floors!
  5981 | D:6      | HP: 3/57 [acid dragon/splash of acid (21)]
  5982 | D:6      | Slain by an acid dragon

Vanquished Creatures
  A water moccasin (D:7)
  An ogre (D:4)
  2 kobold brigands (Sewer)
  A gnoll sergeant (D:5)
  A scorpion (D:5)
  A hound (D:4)
  A jelly (D:3)
  6 orc priests
  A gnoll bouda (D:6)
  2 iguanas (D:4)
  Terence (D:2)
  11 gnolls
  A river rat (Sewer)
  5 adders
  A shadow imp (D:7)
  3 worms
  4 dart slugs
  14 orcs
  9 ball pythons
  6 endoplasms
  3 giant cockroaches
  6 goblins
  8 hobgoblins
  6 jackals
  A quokka (D:3)
  4 bats
  3 frilled lizards
  9 kobolds
  8 rats
120 creatures vanquished.

Vanquished Creatures (others)
  344 foxfires
344 creatures vanquished.

Grand Total: 464 creatures vanquished

Table legend:
 A = Non-vault XP
 B = Vault XP
 C = Vault XP percentage of total XP
 D = Non-vault monster count
 E = Vault monster count
 F = Vault count percentage of total count
                 A         B        C        D         E       F
            +---------+---------+-------+---------+---------+-------
      Total |    1246 |     321 |  20.5 |      94 |      26 |  21.7
            +---------+---------+-------+---------+---------+-------
        D:1 |      20 |       0 |   0.0 |      12 |       0 |   0.0
        D:2 |      77 |      36 |  31.9 |      28 |       1 |   3.4
        D:3 |      75 |      24 |  24.2 |      13 |       5 |  27.8
        D:4 |     393 |       0 |   0.0 |      17 |       0 |   0.0
        D:5 |     437 |       0 |   0.0 |      18 |       0 |   0.0
        D:6 |      82 |       0 |   0.0 |       4 |       0 |   0.0
        D:7 |     162 |       0 |   0.0 |       2 |       0 |   0.0
      Sewer |       0 |     261 | 100.0 |       0 |      20 | 100.0
            +---------+---------+-------+---------+---------+-------

Illustrated notes

Table legend:
 A = Kills in this place as a percentage of kills in entire the game.
 B = Kills by you in this place as a percentage of kills by you in the entire game.
 C = Kills by friends in this place as a percentage of kills by friends in the entire game.
 D = Other kills in this place as a percentage of other kills in the entire game.
 E = Experience gained in this place as a percentage of experience gained in the entire game.
 F = Experience gained in this place divided by the number of levels of this place that you have seen.
                   A       B       C       D       E      F
               +-------+-------+-------+-------+-------+----------------------
         Total | 100.0 | 100.0 |   N/A |   N/A | 100.0 | 195.9
       Dungeon |  83.3 |  83.3 |   N/A |   N/A |  83.3 | 186.6
         Sewer |  16.7 |  16.7 |   N/A |   N/A |  16.7 | 261.0
               +-------+-------+-------+-------+-------+----------------------

Table legend: (Time is in decaauts)
 A = Elapsed time spent in this place.
 B = Non-inter-level travel time spent in this place.
 C = Inter-level travel time spent in this place.
 D = Time resting spent in this place.
 E = Time spent auto-exploring this place.
 F = Levels seen in this place.
 G = Mean time per level.
                   A        B        C        D        E       F      G
               +--------+--------+--------+--------+--------+-----+--------+
         Total |   6080 |   5934 |    146 |     59 |   5033 |   8 |  760.0 |
       Dungeon |   5156 |   5010 |    146 |     59 |   4304 |   7 |  736.6 |
         Sewer |    924 |    924 |      0 |      0 |    728 |   1 |  924.0 |
               +--------+--------+--------+--------+--------+-----+--------+

Top non-repeatable levels by time:
     D:2: 1316 daAuts
     D:1: 1167 daAuts
     D:4: 1152 daAuts
     D:3: 1053 daAuts
   Sewer: 924 daAuts
     D:5: 363 daAuts
     D:7: 91 daAuts
     D:6: 11 daAuts
